 Dungeon Crawl Stone Soup version 0.21.0-25-ge575cb9ce8 (webtiles) character file.

44 Gargoyl the Skirmisher (level 3, 0/33 HPs)
             Began as a Centaur Abyssal Knight on Jan 25, 2018.
             Was a Follower of Lugonu.
             Succumbed to an adder's poison
             ... on level 2 of the Dungeon on Jan 26, 2018.
             The game lasted 00:04:06 (924 turns).

Gargoyl the Skirmisher (Centaur Abyssal Knight)      Turns: 924, Time: 00:04:07

Health: 0/33       AC:  4    Str: 14    XL:     3   Next: 41%
Magic:  4/4        EV:  9    Int: 11    God:    Lugonu [*.....]
Gold:   117        SH:  0    Dex:  9    Spells: 2/2 levels left

rFire    . . .     SeeInvis .   a - +1 hand axe
rCold    . . .     Gourm    .   (no shield)
rNeg     . . .     Faith    .   b - +0 leather armour
rPois    .         Spirit   .   (no helmet)
rElec    .         Reflect  .   (no cloak)
rCorr    .         Harm     .   (no gloves)
MR       +....                  (no barding)
Stlth    ..........             (no amulet)
HPRegen  0.11/turn              d - ring of protection from magic
MPRegen  0.09/turn              (no ring)

@: lethally poisoned (0 -> -1), very quick
A: large, hooves 3, deformed body, speed 2, tough skin 3, [subdued magic 2]
a: Depart the Abyss, Renounce Religion


You were on level 2 of the Dungeon.
You worshipped Lugonu.
Lugonu was aware of your devotion.
You were not hungry.

You visited 1 branch of the dungeon, and saw 2 of its levels.
You visited the Abyss 1 time.

You collected 117 gold pieces.

Inventory:

Hand Weapons
 a - a +1 hand axe (weapon)
Missiles
 e - 2 tomahawks (quivered)
Armour
 b - a +0 leather armour (worn)
Jewellery
 d - a ring of protection from magic (left hand)
Scrolls
 f - a scroll of noise {unknown}
 g - 4 scrolls of identify {unknown}
 h - a scroll of fear {unknown}
 i - 2 scrolls of amnesia {unknown}
 k - a scroll of enchant armour {unknown}
 l - a scroll of remove curse {unknown}
 m - a scroll of enchant weapon {unknown}
Comestibles
 c - 2 rations


   Skills:
 + Level 3.7 Fighting
 + Level 2.2 Axes
 * Level 1.6 Armour
 + Level 0.8 Dodging
 * Level 2.2 Invocations


You had 2 spell levels left.
You didn't know any spells.

Dungeon Overview and Level Annotations

Branches:
Dungeon (2/15)

Altars:


Innate Abilities, Weirdness & Mutations

You have hooves in place of feet.
Armour fits poorly on your strangely shaped body.
You cover ground very quickly.
You have extremely tough skin. (AC +3)
[Your spells are easier to cast, but less powerful.]


Message History

The adder closely misses you. The adder bites you.
* * * LOW HITPOINT WARNING * * *
You are poisoned.
The adder poisons you!
You closely miss the adder.
The adder is almost dead.
You feel sick. The adder bites you.
* * * LOW HITPOINT WARNING * * *
The adder closely misses you.
You miss the adder. Your kick misses the adder.
The adder is almost dead.
The adder closely misses you.
You slash the adder!
You kill the adder!
Lugonu accepts your kill.
* * * LOW HITPOINT WARNING * * *
You feel sick.
You see here a frilled lizard corpse.
You see here 23 stones.
You die...

##########.........#
#.. ###...).....#
#.. ##...........#
#... ##..###########
#... #..## ... #.##
#.#######.#
#.........#
#.....†@(#
..............#
....##........# ...
#..........# .
#####..###.# #...#
... .!.... ...
....... ...


There were no monsters in sight!

Vanquished Creatures
  2 adders (D:2)
  3 dart slugs (D:1)
  2 bats
  2 hobgoblins
  3 jackals (D:1)
  A quokka (D:2)
  A ball python (D:1)
  2 frilled lizards
  3 kobolds (D:1)
  5 rats (D:1)
24 creatures vanquished.

Notes
Turn   | Place    | Note
-------+----------+-------------------------------------------
     0 | Abyss:1  | Gargoyl the Centaur Abyssal Knight began the quest for the Orb.
     0 | Abyss:1  | Reached XP level 1. HP: 19/19 MP: 2/2
    53 | Abyss:2  | Noticed a smoke demon
    80 | Abyss:4  | Noticed a jelly
   100 | Abyss:5  | Entered Level 5 of the Abyss
   121 | Abyss:5  | Noticed a wretched star
   137 | Abyss:5  | Noticed a starcursed mass
   143 | D:1      | Escaped the Abyss
   276 | D:1      | Reached XP level 2. HP: 21/26 MP: 3/3
   300 | D:1      | Reached * piety under Lugonu
   860 | D:2      | Reached XP level 3. HP: 25/33 MP: 4/4
   918 | D:2      | HP: 1/33 [poisoned by an adder]
   924 | D:2      | Succumbed to an adder's poison

Skill      XL: |  1  2 |
---------------+-------+-----
Axes           | 2 |  2.2
Fighting       | |  3.7
Armour         | |  1.6
Dodging        | |  0.8
Invocations    | |  2.2

Action                   || total
-------------------------++-------
Melee: Hand axe          ||    64
       Kick              ||    12
Invok: Depart the Abyss  ||     1
  Use: Potion            ||     1
Armor: Leather armour    ||    32
Dodge: Dodged            ||    40
